 Dungeon Crawl Stone Soup version 0.28-a0-1616-g050a50673c (webtiles) character file.

Game seed: 12484765226312039940

1582 a3don the Chopper (level 8, -11/73 HPs)
             Began as a Minotaur Berserker on Jan 22, 2022.
             Was an Elder of Trog.
             Mangled by an ogre (18 damage)
             ... on level 6 of the Dungeon.
             The game lasted 00:08:32 (5923 turns).

a3don the Chopper (Minotaur Berserker)              Turns: 5923, Time: 00:08:33

Health: -11/73     AC: 14    Str: 25    XL:     8   Next: 60%
Magic:  7/7        EV:  8    Int:  4    God:    Trog [****..]
Gold:   198        SH:  0    Dex:  9    Spells: 7/7 levels left

rFire   . . .      SeeInvis .   a - +0 hand axe
rCold   . . .      Faith    .   (no shield)
rNeg    . . .      Spirit   .   x - +0 plate armour
rPois   .          Reflect  .   (helmet restricted)
rElec   .          Harm     .   (no cloak)
rCorr   +          Rampage  .   (no gloves)
Will    .....                   y - +0 pair of boots {Fly}
Stlth   ..........              (no amulet)
HPRegen 0.22/turn               o - ring of resist corrosion
MPRegen 0.10/turn               (no ring)

@: flying
A: horns 2, retaliatory headbutt
a: Renounce Religion, Berserk, Trog's Hand, Brothers in Arms


You were on level 6 of the Dungeon.
You worshipped Trog.
Trog was greatly pleased with you.
You visited 1 branch of the dungeon, and saw 6 of its levels.

You collected 313 gold pieces.
You spent 115 gold pieces at shops.

Inventory:

Hand Weapons
 a - a +0 hand axe (weapon)
 v - a +0 hunting sling
Missiles
 d - 6 sling bullets
 n - 13 poisoned darts (quivered)
 p - a throwing net
 t - 100 stones
Armour
 x - a +0 plate armour (worn)
 y - a +0 pair of boots of flying (worn)
Jewellery
 o - a ring of resist corrosion (left hand)
Wands
 i - a wand of paralysis (15)
Scrolls
 h - 4 scrolls of teleportation {unknown}
 j - 2 scrolls of vulnerability {unknown}
 m - 6 scrolls of identify {unknown}
 q - a scroll of immolation {unknown}
 s - a scroll of acquirement {unknown}
 u - a scroll of brand weapon {unknown}
Potions
 c - 2 potions of haste {unknown}
 g - a potion of lignification {unknown}
 k - a potion of cancellation {unknown}
 l - a potion of curing {unknown}
 w - a potion of attraction {unknown}


   Skills:
 + Level 7.4 Fighting
 + Level 7.5 Axes
 + Level 6.9 Armour
 + Level 6.3 Dodging


You had 7 spell levels left.
You didn't know any spells.
Your spell library was empty.

Dungeon Overview and Level Annotations

Branches:
Dungeon (6/15)             Temple (0/1) D:4

Altars:
The Shining One

Shops:
D:1 [   D:4 [   D:5 =


Innate Abilities, Weirdness & Mutations

You have a pair of horns on your head.
You reflexively headbutt those who attack you in melee.


Message History

You kill the orc!
Trog accepts your kill.
You can now call in reinforcements.
No target in view!
No target in view!
No target in view!
Things that are here:
a +0 hand axe; a +0 ring mail; an orc corpse No target in view!
No target in view!
Key pressed, stopping explore.
No target in view!
No target in view!
No target in view!
No target in view!
An ogre comes into view. It is wielding a +0 giant club.
The ogre shouts!
The ogre barely misses you. You furiously retaliate!
You headbutt the ogre.
An ogre is nearby!
You hit the ogre.
The ogre is moderately wounded.
The ogre hits you with a +0 giant club!!
You hit the ogre. You headbutt the ogre.
The ogre is heavily wounded.
You barely miss the ogre. You headbutt the ogre.
The ogre is heavily wounded.
The ogre hits you with a +0 giant club!
You hit the ogre.
The ogre is severely wounded.
The ogre hits you with a +0 giant club!
You are too injured to fight recklessly!
You hit the ogre.
The ogre is severely wounded.
The ogre hits you with a +0 giant club!!
* * * LOW HITPOINT WARNING * * *
You hit the ogre.
The ogre is severely wounded.
You hit the ogre.
The ogre is almost dead.
The ogre hits you with a +0 giant club!!
You die...

#..........#
##..........#
#.........#.##
##
##.......###.#
#.# ###....##
#.##..# ##.###
#.....## ###
##.....#
##......#
#.@.....#
#..O.....#
#........#
#..........#
#.............
#..........##.
...........#
...........^#


You could see an ogre.

Vanquished Creatures
  Sigmund (D:5)
  Eustachio (D:5)
  An ice beast (D:5)
  A sky beast (D:6)
  A black bear (D:5)
  A centaur (D:5)
  A kobold brigand (D:4)
  A bullfrog (D:4)
  3 scorpions
  2 bullfrog zombies (D:5)
  5 hounds
  3 bullfrog skeletons
  An iguana (D:4)
  2 orc wizards (D:3)
  2 hound skeletons
  Robin (D:2)
  3 adders
  4 gnolls (D:4)
  2 dart slugs
  16 orcs
  8 ball pythons
  5 endoplasms
  3 giant cockroaches
  15 goblins
  11 hobgoblins
  9 jackals
  4 quokkas
  4 bats
  5 frilled lizards
  7 kobolds
  3 rats (D:1)
126 creatures vanquished.

Vanquished Creatures (others)
  4 fungi (D:3)
  8 plants (D:3)
12 creatures vanquished.

Grand Total: 138 creatures vanquished

Notes
Turn   | Place    | Note
-------+----------+-------------------------------------------
     0 | D:1      | a3don the Minotaur Berserker began the quest for the Orb.
     0 | D:1      | Reached XP level 1. HP: 19/19 MP: 0/0
   194 | D:1      | Reached XP level 2. HP: 27/27 MP: 1/1
   248 | D:1      | Found Alugemn's Antique Armour Shoppe.
  1206 | D:2      | Found a glowing golden altar of the Shining One.
  1221 | D:2      | Reached XP level 3. HP: 31/33 MP: 2/2
  1302 | D:2      | Reached ** piety under Trog
  1358 | D:2      | Noticed Robin
  1372 | D:2      | Killed Robin
  1577 | D:2      | Reached XP level 4. HP: 35/40 MP: 3/3
  1978 | D:3      | Reached *** piety under Trog
  2097 | D:3      | Reached XP level 5. HP: 47/47 MP: 4/4
  2544 | D:3      | Found a faded altar of an unknown god.
  2920 | D:4      | Reached skill level 5 in Fighting
  2920 | D:4      | Reached skill level 5 in Axes
  2920 | D:4      | Reached XP level 6. HP: 39/56 MP: 5/5
  3611 | D:4      | Found Vaekutai's Armour Shop.
  3897 | D:4      | Found a staircase to the Ecumenical Temple.
  3907 | D:4      | Reached skill level 5 in Armour
  3907 | D:4      | Reached XP level 7. HP: 62/62 MP: 6/6
  4081 | D:5      | Entered Level 5 of the Dungeon
  4235 | D:5      | Found Coucek's Jewellery Emporium.
  4249 | D:5      | Found a glowing drain.
  4367 | D:5      | Noticed Sigmund
  4381 | D:5      | Killed Sigmund
  4382 | D:5      | Reached skill level 5 in Dodging
  4579 | D:4      | Bought a +0 pair of boots of flying for 115 gold pieces
  4635 | D:5      | Reached XP level 8. HP: 28/71 MP: 7/7
  4928 | D:5      | Noticed Eustachio
  4938 | D:5      | Killed Eustachio
  5894 | D:6      | Reached **** piety under Trog
  5923 | D:6      | Mangled by an ogre

Illustrated notes

Levels and vault maps discovered:
D:1:      sevenhm_arrival_forest_fort_small_3, layout_basic, serial_rivers,
          chequers_serial_rivers_room_a, chequers_serial_rivers_small_b,
          chequers_serial_rivers_small_3, chequers_serial_rivers_micro_d,
          serial_shops, nicolae_shop_competitors_out_of_business
D:2:      layout_rooms, basic_altar, roderic_roman_lattice,
          kennysheep_crisscross, uniq_robin
D:3:      layout_rooms, dreamdust_ecumenical_altar_hidden_monk_grotto
D:4:      minmay_skewed_foursquare, layout_loops_ring,
          minmay_temple_entry_stoned_glass, nicolae_ossuary_entry_monument,
          serial_shops, nicolae_shop_stone
D:5:      layout_loops_corners, gup_sewer_entry_glass, serial_shops,
          nicolae_inconvenience_store, minmay_crystal_water, bh_walls_and_bars,
          uniq_eustachio, uniq_sigmund
D:6:      kennysheep_windowed_halls, layout_cave_pods, kennysheep_another_room,
          uniq_pikel

Skill      XL: |  1  2  3  4  5  6  7  8 |
---------------+-------------------------+-----
Axes           | 4 5 6 7 |  7.5
Fighting       | 4 5 6 7 |  7.4
Armour         | 3 4 5 6 |  6.9
Dodging        | 3 4 5 6 |  6.3

Action                   |  1- 3 |  4- 6 |  7- 9 || total
-------------------------+-------+-------+-------++-------
Melee: Hand axe          |    86 |   149 |   120 ||   355
       Headbutt          |     8 |    23 |    24 ||    55
       Punch             |       |       |     3 ||     3
Invok: Berserk           |       |     1 |     3 ||     4
       Trog's Hand       |       |       |     1 ||     1
Armor: Animal skin       |    12 |       |       ||    12
       Chain mail        |    26 |    92 |    21 ||   139
       Scale mail        |     2 |       |       ||     2
       Plate armour      |       |       |    48 ||    48
Dodge: Dodged            |    60 |    64 |    51 ||   175

Table legend: (Time is in decaauts)
 A = Elapsed time spent in this place.
 B = Non-inter-level travel time spent in this place.
 C = Inter-level travel time spent in this place.
 D = Time resting spent in this place.
 E = Time spent auto-exploring this place.
 F = Levels seen in this place.
 G = Mean time per level.
                   A        B        C        D        E       F      G
               +--------+--------+--------+--------+--------+-----+--------+
         Total |   5973 |   5709 |    264 |    419 |   4432 |   6 |  995.5 |
       Dungeon |   5973 |   5709 |    264 |    419 |   4432 |   6 |  995.5 |
               +--------+--------+--------+--------+--------+-----+--------+

Top non-repeatable levels by time:
     D:5: 1677 daAuts
     D:4: 1391 daAuts
     D:1: 1176 daAuts
     D:3: 903 daAuts
     D:2: 691 daAuts
     D:6: 132 daAuts
